 Dungeon Crawl Stone Soup version 0.31-a0-590-g8a5a4361df (webtiles) character file.

Game seed: 10060137304632540852

18851 avis the Cleaver (level 12, -12/103 HPs)
             Began as a Hill Orc Monk on Aug 19, 2023.
             Was the Champion of Beogh.
             Mangled by an orc warlord
             ... wielding a +0 great mace
              (24 damage)
             ... on level 2 of the Orcish Mines.
             The game lasted 02:07:24 (18372 turns).

avis the Cleaver (Hill Orc Monk)                   Turns: 18372, Time: 02:07:25

Health: -12/103    AC:  2    Str: 19    XL:     12   Next: 62%
Magic:  21/21      EV: 12    Int: 10    God:    Beogh [******]
Gold:   1142       SH:  5    Dex: 13    Spells: 11/11 levels left

rFire   + . .        a - +7 hand axe (freeze)
rCold   + . .        X - +0 buckler
rNeg    . . .        h - melded +0 plate armour
rPois   .            U - +0 helmet
rElec   .            B - scarf {rC+ rF+}
rCorr   .            s - +0 pair of gloves
SInv    +            (no boots)
Will    .....        v - amulet of regeneration
Stlth   +            H - ring of wizardry
HPRegen 1.17/turn    p - ring of see invisible
MPRegen 0.17/turn

%: wizardry (x1)
@: maw-form
A: devouring maw, walk on water
a: Begin Untransformation, Renounce Religion, Smiting, Recall Orcish Followers,
Give Item to Named Follower, Resurrection


You were on level 2 of the Orcish Mines.
You worshipped Beogh.
Beogh was exalted by your worship.
You were a creature with a mouth for a stomach.
You visited 4 branches of the dungeon, and saw 16 of its levels.
You also visited: Bailey.

You collected 1401 gold pieces.
You spent 259 gold pieces at shops.

Inventory:

Hand Weapons
 a - a +7 hand axe of freezing (weapon)
 b - a +2 flail of protection
 K - a +0 trident
Missiles
 r - 2 throwing nets
Armour
 h - a +0 plate armour (melded)
 s - a +0 pair of gloves (worn)
 y - a +0 chain mail
 B - a scarf of resistance (worn)
 C - a +0 troll leather armour
 J - a +0 plate armour
 U - a +0 helmet (worn)
 X - a +0 buckler (worn)
Jewellery
 p - a ring of see invisible (right hand)
 v - an amulet of regeneration (around neck)
 F - a ring of protection from fire
 H - a ring of wizardry (left hand)
Talismans
 c - a dragon-blood talisman
 l - a beast talisman
 A - a maw talisman (active)
Wands
 g - a wand of paralysis (4)
 t - a wand of polymorph (7)
 w - a wand of mindburst (16)
 D - a wand of flame (1)
Scrolls
 d - a scroll of amnesia
 e - 6 scrolls of teleportation
 i - 2 scrolls of noise
 j - 4 scrolls of revelation
 k - a scroll of summoning
 m - a scroll of vulnerability
 E - 2 scrolls of fear
 N - a scroll of fog
 V - a scroll of enchant weapon
Potions
 f - 2 potions of ambrosia
 n - a potion of heal wounds
 o - 2 potions of invisibility
 q - 2 potions of lignification
 u - 3 potions of might
 x - 2 potions of curing
 z - a potion of resistance
 G - 3 potions of enlightenment
 I - a potion of haste


   Skills:
 + Level 8.7 Fighting
 - Level 14.0 Axes
 - Level 5.0 Armour
 - Level 2.4 Dodging
 - Level 5.0 Shields
 - Level 12.0 Invocations
 * Level 9.3 Shapeshifting


You had 11 spell levels left.
You didn't know any spells.
Your spell library contained the following spells:

 Spells                   Type           Power      Damage    Failure   Level
 Blink                    Tloc           0%         N/A       26%         2
 Lesser Beckoning         Tloc           0%         N/A       26%         2
 Momentum Strike          Conj/Tloc      0%         3d8       26%         2
 Poisonous Vapours        Pois/Air       0%         N/A       26%         2
 Scorch                   Fire           0%         2d5       26%         2
 Mephitic Cloud           Conj/Pois/Air  0%         N/A       45%         3
 Vhi's Electric Charge    Tloc/Air       0%         N/A       45%         3
 Volatile Blastmotes      Fire/Tloc      0%         2d10      45%         3
 Animate Dead             Necr           0%         N/A       86%         4
 Flame Wave               Conj/Fire      0%         2d4       86%         4
 Fulminant Prism          Conj/Hex       0%         3d5       86%         4
 Iskenderun's Mystic Bla  Conj/Tloc      0%         2d3       86%         4
 Arcjolt                  Conj/Air       0%         1d10      99%         5
 Borgnjor's Vile Clutch   Necr/Erth      0%         N/A       99%         5
 Freezing Cloud           Conj/Ice/Air   0%         6-21      99%         5
 Death Channel            Necr           0%         N/A       100%        6
 Plasma Beam              Fire/Air       0%         2x1d10    100%        6
 Summon Cactus Giant      Summ           0%         N/A       100%        6


Dungeon Overview and Level Annotations

Branches:
Dungeon (10/15)            Temple (1/1) D:7            Lair (3/5) D:10
  Swamp (0/4) Lair:2        Snake (0/4) Lair:2          Orc (2/2) D:10
    Elf (0/3) Orc:2        Bailey (visited)

Altars:
Ashenzari
Cheibriados
Dithmenos
Elyvilon
Fedhas
Gozag
Hepliaklqana
Kikubaaqudgha
Makhleb
Nemelex Xobeh
Okawaru
Qazlal
Ru
Sif Muna
Trog
Uskayaw
Vehumet
Wu Jian
Xom
Yredelemnul
Zin
The Shining One
Beogh

Shops:
D:4 (   Orc:2 **

Portals:
Bazaar: Orc:2

Annotations:
D:2 1 runed translucent door, exclusion: door, Crazy Yiuf
Lair:1 1 runed translucent door, Pokonic1's ghost, journeyman GrMo


Message History

The orc wizard hits your orc priest with a +0 dagger.
You block the orc warrior's attack.
You slash the troll! You freeze the troll.
The troll is moderately wounded.
You hit the orc warlord but do no damage.
You slash the orc warrior! You freeze the orc warrior.
Your orc wizard barely misses the orc wizard.
The orc wizard casts a spell.
The orc wizard flickers and vanishes for a moment.
Your orc warrior hits the orc warrior from afar with a +0 halberd!!
The orc warrior hits your orc priest with a +0 scimitar!
An orc comes into view. It is wielding a +0 club.
The orc relaxes its fighting stance and smiles at you.
It shouts, "Surely Beogh must have sent you!"
The orc warrior hits you with a +0 long sword!
The troll bites you! The troll claws you! The troll closely misses you.
Your orc priest closely misses the orc warrior.
You closely miss the troll.
The troll is moderately wounded.
You hit the orc warrior. You freeze the orc warrior.
You hit the orc warlord but do no damage.
You slice the troll!! You freeze the troll. Your bite misses the troll.
The troll is severely wounded.
You hit the orc warlord but do no damage.
You hit the orc warrior but do no damage.
Your orc wizard points at the troll and mumbles some strange words.
The magic dart hits the ogre!
Your orc warrior barely misses the orc warrior.
The orc warrior barely misses your orc priest.
Your orc hits the orc wizard with a +0 club.
The orc wizard completely misses your orc warrior.
The orc warrior hits you with a +0 long sword!
* * * LOW HITPOINT WARNING * * *
The troll bites you.
* * * LOW HITPOINT WARNING * * *
The troll barely misses you. The troll claws you!
* * * LOW HITPOINT WARNING * * *
The orc warlord hits you with a +0 great mace!!
You die...
Beogh appreciates the orc warlord's killing of a heretic priest.

......############.....#.#.#.....
.....###............#....#.##...#
.....#...##########.............#
.......###,,,*,,,*##.#...........
......##**,,,*,,,* #.........##.#
......#∩**,,,*,,,####.........###
.....##,8##+###+##8.#......#.#.##
...#.#,,,ooooo)o....'.8.........#
.....#_,,o)O.8.TW...oo.o.....#.##
##.#.#,,,o...o.oo...'.8....#####
.###.##,8##+###+##8.#..##...# ##
#..#∩**,,,*,,,####.#.##.## #
#..##**,,,*,,,* #........#
##..###,,,*,,,*##........#
##...##########........##
###............#.......#
################....##


You could see an orc warlord, a troll (ally target), 4 orc warriors, an ogre, an
orc wizard (strong, invisible), 2 friendly orc warriors, a friendly orc priest
(strong), 2 friendly orc wizards and 3 friendly orcs.

Vanquished Creatures
  A catoblepas (Lair:2)
  An orc high priest (Orc:2)
  Pikel (D:8)
  An elephant (D:10)
  A cane toad (Lair:2)
  A kobold demonologist (D:7)
  2 trolls
  A polar bear (Lair:1)
  Prince Ribbit (D:5)
  Sigmund (D:5)
  2 shadows (D:10)
  2 wyverns (D:9)
  15 yaks
  A basilisk (D:10)
  2 vampire mosquitoes (D:9)
  A naga (Lair:2)
  4 water moccasins
  5 orc warriors
  3 black bears
  5 centaurs
  7 wolves
  2 ogres
  2 phantoms
  2 kobold brigands (D:7)
  A gnoll sergeant (D:9)
  Blork the orc (D:5)
  3 bullfrogs
  A scorpion (D:6)
  5 wights (D:8)
  A troll zombie (D:10)
  13 killer bees
  3 electric eels
  5 howler monkeys
  4 hounds
  2 jellies
  3 gnoll boudas (D:9)
  An orc priest (D:10)
  A sleepcap (D:5)
  4 iguanas
  12 orc wizards
  4 ogre zombies (D:10)
  A centaur simulacrum (D:10)
  4 adders
  12 gnolls
  A shadow imp (D:5)
  4 white imps
  An ufetubus (D:10)
  A worm (D:2)
  2 dart slugs
  18 orcs
  2 ball pythons
  4 bats (D:1)
  3 endoplasms
  4 giant cockroaches (D:1)
  5 goblins
  6 hobgoblins
  6 jackals
  15 kobolds
  4 quokkas
  2 frilled lizards (D:3)
  A goblin skeleton (D:10)
  2 goblin zombies (D:10)
  2 hobgoblin zombies (D:10)
  An orc skeleton (D:10)
  7 orc zombies (D:10)
  7 rats
243 creatures vanquished.

Vanquished Creatures (collateral kills)
  A bog body (Lair:2)
  An orc knight (Bailey)
  A black mamba (Lair:3)
  Maurice (D:10)
  A torpor snail (Lair:2)
  2 cane toads
  2 komodo dragons
  2 trolls
  4 blink frogs (Lair:3)
  2 centaur simulacra (D:10)
  2 shadows
  3 wyverns
  A basilisk (Lair:2)
  20 yaks
  2 steam dragons
  2 vampire mosquitoes (D:9)
  2 nagas (Lair:2)
  3 water moccasins
  6 orc warriors
  2 ice beasts (D:10)
  2 black bears (Lair:2)
  4 wolves
  A centaur (D:7)
  2 kobold brigands
  6 bullfrogs
  4 wights (D:8)
  An electric eel (D:10)
  4 orc priests
  5 orc wizards
  An ogre zombie (D:10)
  10 gnolls (D:9)
  A shadow imp (D:7)
  A white imp (D:10)
  6 orcs
  A goblin zombie (D:10)
  A hobgoblin zombie (D:10)
  6 kobolds
  An orc skeleton (D:10)
  3 orc zombies (D:10)
120 creatures vanquished.

Vanquished Creatures (others)
  An orc warrior (Bailey)
  2 orc priests
  An orc wizard (D:8)
  A dart slug (D:3)
  15 orcs
20 creatures vanquished.

Grand Total: 383 creatures vanquished

Notes
Turn   | Place    | Note
-------+----------+-------------------------------------------
     0 | D:1      | avis the Hill Orc Monk began the quest for the Orb.
     0 | D:1      | Reached XP level 1. HP: 19/19 MP: 1/1
   113 | D:1      | Reached skill level 5 in Axes
   113 | D:1      | Reached XP level 2. HP: 18/27 MP: 2/2
   226 | D:1      | Reached XP level 3. HP: 31/33 MP: 3/3
   329 | D:1      | Found a faded altar of an unknown god.
  1427 | D:2      | Found a runed translucent door.
  1428 | D:2      | Noticed Crazy Yiuf
  2179 | D:3      | Reached skill level 6 in Axes
  2184 | D:3      | Became a worshipper of Beogh the Brigand
  2184 | D:3      | Reached * piety under Beogh
  2184 | D:3      | Reached ** piety under Beogh
  2213 | D:3      | Reached XP level 4. HP: 37/40 MP: 4/4
  2752 | D:4      | Found Wemirhe's Weapon Shoppe.
  2769 | D:4      | Reached skill level 1 in Invocations
  2769 | D:4      | Reached skill level 1 in Shapeshifting
  2777 | D:4      | Reached XP level 5. HP: 8/46 MP: 1/6
  2780 | D:4      | Bought a +1 hand axe of freezing for 124 gold pieces
  3345 | D:4      | Noticed a phantom
  3359 | D:4      | Killed a phantom
  3360 | D:4      | Reached XP level 6. HP: 39/52 MP: 7/7
  3558 | D:4      | Reached skill level 7 in Axes
  4497 | D:5      | Entered Level 5 of the Dungeon
  4592 | D:5      | Reached XP level 7. HP: 37/58 MP: 5/9
  4900 | D:5      | Noticed Prince Ribbit
  4909 | D:5      | Killed Prince Ribbit
  4910 | D:5      | Reached skill level 8 in Axes
  4912 | D:5      | You fall into a shaft and drop 1 floor!
  5116 | D:5      | Noticed a moth of wrath
  5119 | D:5      | Found a bloodstained altar of Trog.
  5181 | D:5      | Noticed Sigmund
  5192 | D:5      | Killed Sigmund
  5193 | D:5      | Reached skill level 5 in Invocations
  5193 | D:5      | Reached XP level 8. HP: 53/66 MP: 9/11
  5194 | D:5      | Reached *** piety under Beogh
  5240 | D:5      | Reached skill level 9 in Axes
  5597 | D:5      | Noticed Blork the orc
  5606 | D:5      | Killed Blork the orc
  6624 | D:6      | Reached skill level 10 in Axes
  7917 | D:7      | Noticed a kobold demonologist
  7919 | D:7      | Noticed a sixfirhy
  7926 | D:7      | Killed a kobold demonologist
  7927 | D:7      | Reached skill level 11 in Axes
  7927 | D:7      | Reached XP level 9. HP: 27/71 MP: 5/14
  8425 | D:7      | Noticed a troll
  8431 | D:7      | Killed a troll
  8787 | D:7      | Found a staircase to the Ecumenical Temple.
  8796 | Temple   | Entered the Ecumenical Temple
  9183 | D:8      | Noticed Pikel
  9193 | D:8      | Killed Pikel
  9194 | D:8      | Reached skill level 12 in Axes
  9194 | D:8      | Reached skill level 5 in Shapeshifting
  9458 | D:8      | Reached skill level 13 in Axes
  9458 | D:8      | Reached XP level 10. HP: 50/78 MP: 9/16
  9618 | D:8      | Found a flagged portal.
  9630 | Bailey   | Entered a bailey
 10919 | Bailey   | Noticed an orc knight
 10939 | Bailey   | HP: 1/78 [orc knight/+0 halberd (17)]
 10941 | Bailey   | Killed an orc knight
 12162 | D:9      | Reached skill level 14 in Axes
 12240 | D:9      | Reached **** piety under Beogh
 12356 | D:9      | Reached skill level 10 in Invocations
 12363 | D:9      | Identified the +1 dagger of the Arena {drain, rF+}
 13212 | D:10     | Entered Level 10 of the Dungeon
 13233 | D:10     | Reached skill level 1 in Armour
 13233 | D:10     | Reached skill level 1 in Shields
 13233 | D:10     | Reached XP level 11. HP: 70/85 MP: 19/19
 13370 | D:10     | HP: 2/85 [centaur warrior simulacrum (22)]
 13564 | D:10     | Found a staircase to the Lair.
 13573 | D:10     | Reached skill level 5 in Fighting
 13774 | D:10     | Noticed Maurice
 13783 | D:10     | Killed Maurice
 13870 | D:10     | Found a staircase to the Orcish Mines.
 13881 | D:10     | Reached ***** piety under Beogh
 14415 | Lair:1   | Entered Level 1 of the Lair of Beasts
 14593 | Lair:1   | Found a runed translucent door.
 14593 | Lair:1   | Found a shimmering altar of Xom.
 14593 | Lair:1   | Noticed a +2 hand axe of chaos
 14593 | Lair:1   | Noticed Pokonic1's ghost (journeyman GrMo)
 14718 | Lair:1   | Found an opulent altar of Gozag.
 15641 | Lair:2   | Reached XP level 12. HP: 43/97 MP: 21/21
 15816 | Lair:2   | Reached skill level 5 in Armour
 15816 | Lair:2   | Reached skill level 5 in Shields
 15820 | Lair:2   | Gained Arbolt as an ally
 15968 | Lair:2   | Noticed a catoblepas
 15978 | Lair:2   | Killed a catoblepas
 15978 | Lair:2   | Gained Bogdar as an ally
 16152 | Lair:2   | Found a staircase to the Swamp.
 16508 | Lair:2   | Reached ****** piety under Beogh
 16696 | Lair:2   | Found a staircase to the Snake Pit.
 17187 | Orc:1    | Entered Level 1 of the Orcish Mines
 17382 | Orc:2    | Entered Level 2 of the Orcish Mines
 17543 | Orc:2    | Found a staircase to the Elven Halls.
 17600 | Orc:2    | Found a flickering gateway to a bazaar.
 17728 | Orc:2    | Found a roughly hewn altar of Beogh.
 17729 | Orc:2    | Noticed an orc high priest
 17730 | Orc:2    | Found Xexiwubb's General Store.
 17735 | Orc:2    | Killed an orc high priest
 17843 | Orc:2    | Noticed an orc high priest
 17860 | Orc:2    | Found a roughly hewn altar of Beogh.
 17865 | Orc:2    | Found Zoisorev's Assorted Antiques.
 17870 | Orc:2    | Bought a twisted steel ring for 135 gold pieces
 18199 | Orc:2    | Found a roughly hewn altar of Beogh.
 18285 | Orc:2    | Found a roughly hewn altar of Beogh.
 18362 | Orc:2    | Noticed an orc warlord
 18372 | Orc:2    | Mangled by an orc warlord

Illustrated notes

Levels and vault maps discovered:
D:1:      spicycebolla_arrival_transporter_tutorial, layout_loops_ring,
          ebering_ecumenical_altar_ruins
D:2:      layout_basic, serial_forest, infiniplex_forest_lined_1,
          infiniplex_forest_join, infiniplex_forest_lined_ring,
          infiniplex_forest_clump_small, infiniplex_forest_end_3,
          infiniplex_forest_zigzag_1, infiniplex_forest_straight_2,
          infiniplex_forest_clump_tiny, infiniplex_forest_lined_room_,
          serial_park_tiny_1, minmay_pentomino_r2, uniq_crazy_yiuf_cottage
D:3:      layout_rooms, serial_park_tiny_pond
D:4:      layout_layer_cave, serial_shops, shop
D:5:      layout_basic, tgw_trog, minivault_4, uniq_sigmund,
          uniq_prince_ribbit1, uniq_blork_the_orc
D:6:      layout_cave_pods
D:7:      layout_loops_corners, minmay_temple_entry_overgrown,
          minmay_stone_trees_small, hangedman_decor_lopped
D:8:      layout_basic, enter_bailey_6, uniq_pikel
D:9:      layout_gridville
D:10:     layout_small_grid, david_lair_generic, zombieorc1_lemuel, serial_ice,
          serial_ice_a, serial_ice_l, serial_ice_o, serial_ice_f, serial_ice_n,
          serial_ice_d, uniq_maurice
Temple:   roderic_octagonal_lattice_temple
Lair:1:   layout_cave_shapes, ebering_ghost_xom, serial_bayou_ford_a,
          lemuel_centaur_altar
Lair:2:   layout_chaotic_city, skrybe_swamp_entry_bodies,
          nicolae_snake_entry_squirm, minivault_24, st_stairs_8,
          lemuel_fruit_fields, serial_bayou_shore_a, grunt_megastairs_2
Lair:3:   layout_regular_city, gauntlet_entry_generic,
          infiniplex_staircase_pool, grunt_megastairs_1
Orc:1:    layout_caves, basic_altar, uniq_harold
Orc:2:    grunt_orc_community_town_hall, layout_diamond_mine,
          grunt_orc_community_big_house_2, grunt_orc_community_big_house_1,
          grunt_orc_community_house_1, grunt_orc_community_house_1,
          grunt_orc_community_house_1, grunt_orc_community_house_2,
          serial_shops, bzr_entry_islet

Skill      XL: |  1  2  3  4  5  6  7  8  9 10 11 12 |
---------------+-------------------------------------+-----
Axes           | 5 6 7 8 11 13 14 | 14.0
Invocations    | 1 2 3 5 6 8 11 12 | 12.0
Shapeshifting  | 1 2 3 4 5 6 7 9 |  9.3
Fighting       | 4 6 8 |  8.7
Armour         | 1 4 5 |  5.0
Shields        | 1 4 5 |  5.0
Dodging        | |  2.4

Action                     |  1- 3 |  4- 6 |  7- 9 | 10-12 || total
---------------------------+-------+-------+-------+-------++-------
  Melee: Hand axe          |   272 |   113 |   168 |   384 ||   937
         Maw               |       |       |       |    14 ||    14
  Throw: Dart              |       |       |     3 |    13 ||    16
         Throwing net      |       |       |     1 |     2 ||     3
 Invoke: Convert to Beogh  |     1 |       |       |       ||     1
         Smiting           |       |       |     1 |     1 ||     2
         Recall Orcish Fol |       |       |       |     8 ||     8
         Stop Recall       |       |       |       |     5 ||     5
  Evoke: Wand              |       |       |     1 |     8 ||     9
    Use: Potion            |       |       |     1 |     7 ||     8
         Scroll            |       |       |       |    22 ||    22
   Stab: Distracted        |       |       |     1 |     7 ||     8
         Confused          |       |       |       |     1 ||     1
 Armour: Robe              |    10 |       |       |       ||    10
         Chain mail        |     4 |       |       |       ||     4
         Plate armour      |    59 |    49 |    76 |   148 ||   332
         Skin              |       |       |       |     1 ||     1
  Dodge: Dodged            |    48 |    28 |    35 |   106 ||   217
  Block: Buckler           |       |       |       |    56 ||    56
   Form: Beast             |     1 |     1 |       |     3 ||     5
                           |     1 |       |       |     3 ||     4
         Maw               |       |       |       |     1 ||     1

Table legend: (Time is in decaauts)
 A = Elapsed time spent in this place.
 B = Non-inter-level travel time spent in this place.
 C = Inter-level travel time spent in this place.
 D = Time resting spent in this place.
 E = Time spent auto-exploring this place.
 F = Levels seen in this place.
 G = Mean time per level.
                   A        B        C        D        E       F      G
               +--------+--------+--------+--------+--------+-----+--------+
         Total |  18278 |  16112 |   2166 |   3705 |   7024 |  17 | 1075.2 |
       Dungeon |  12863 |  10985 |   1878 |   2308 |   6030 |  10 | 1286.3 |
        Temple |    183 |    179 |      4 |      0 |      0 |   1 |  183.0 |
          Lair |   2557 |   2293 |    264 |    362 |    994 |   3 |  852.3 |
  Orcish Mines |   1170 |   1150 |     20 |      0 |      0 |   2 |  585.0 |
        Bailey |   1502 |   1502 |      0 |   1035 |      0 |   1 | 1502.0 |
               +--------+--------+--------+--------+--------+-----+--------+

Top non-repeatable levels by time:
     D:4: 1896 daAuts
     D:7: 1853 daAuts
     D:6: 1723 daAuts
  Bailey: 1502 daAuts
     D:2: 1329 daAuts
  Lair:1: 1308 daAuts
     D:5: 1286 daAuts
     D:9: 1264 daAuts
    D:10: 1194 daAuts
  Lair:2: 1139 daAuts
   Orc:2: 951 daAuts
     D:8: 917 daAuts
     D:1: 900 daAuts
     D:3: 496 daAuts
   Orc:1: 219 daAuts
